 Dungeon Crawl Stone Soup version 0.28-a0-1184-g53156a8862 (webtiles) character file.

Game seed: 4311847689335716579

162118 karrick the Covert (level 17, -5/133 HPs)
             Began as a Gnoll Enchanter on Dec 18, 2021.
             Was a High Priest of Okawaru.
             Slain by a shock serpent (8 damage)
             ... on level 4 of the Snake Pit.
             The game lasted 03:08:17 (38783 turns).

karrick the Covert (Gnoll Enchanter)               Turns: 38783, Time: 03:08:18

Health: -5/133     AC: 22    Str: 15    XL:     17   Next: 80%
Magic:  25/33      EV: 21    Int: 19    God:    Okawaru [*****.]
Gold:   1190       SH: 11    Dex: 17    Spells: 20/41 levels left

rFire   x . .      SeeInvis .   H - +6 war axe of the Aged Seers {flame, rElec Dex+2}
rCold   . . .      Faith    +   K - +2 buckler
rNeg    + . .      Spirit   .   U - +2 ring mail "Iguafumase" {rN+ Regen+ Str+3 Int+3}
rPois   +          Reflect  .   (no helmet)
rElec   +          Harm     .   l - scarf {repulsion}
rCorr   +          Rampage  .   B - +2 pair of gloves {hurl}
Will    +....                   u - +2 pair of boots {Fly}
Stlth   ++++++....              W - amulet of faith
HPRegen 1.12/turn               g - ring of Wejuihow {Wiz rPois rF- rCorr}
MPRegen 0.23/turn               k - +4 ring of protection

@: confusing by touch, heroic, flying, slowed, studying Slings, repel missiles,
very slow
A: fangs 1, strong nose, distributed training
a: Renounce Religion, Heroism, Finesse, Duel


You were on level 4 of the Snake Pit.
You worshipped Okawaru.
Okawaru was extremely pleased with you.
You visited 6 branches of the dungeon, and saw 29 of its levels.
You also visited: Gauntlet, Ice Cave and Volcano.

You collected 2628 gold pieces.
You spent 1438 gold pieces at shops.

Inventory:

Hand Weapons
 j - the +2 Maxwell's thermic engine {flame, freeze}
   (You found it on level 3 of the Snake Pit)

   It burns those it strikes, dealing additional fire damage.
   Big, fiery blades are also staple armaments of hydra-hunters.
   It freezes those it strikes, dealing additional cold damage.
   It can also slow down cold-blooded creatures.
   It becomes more effective when it hits something.
   This effect fades over time.
 F - a +2 hand axe of electrocution
 H - the +6 war axe of the Aged Seers (weapon) {flame, rElec Dex+2}
   (You found it on level 7 of the Dungeon)

   It burns those it strikes, dealing additional fire damage.
   Big, fiery blades are also staple armaments of hydra-hunters.
   Dex:       It affects your dexterity (+2).
   rElec:     It insulates you from electricity.
 L - a +2 vampiric war axe
 Z - the +4 flail of Vaopuoll {distort, rCorr Dex+7}
   (You found it on level 9 of the Dungeon)

   It warps and distorts space around it, and may blink, banish, or inflict
   extra damage upon those it strikes.
   Unwielding it can cause banishment or high damage.
   Dex:       It affects your dexterity (+7).
   rCorr:     It protects you from acid and corrosion.
Missiles
 b - 3 silver boomerangs (quivered)
Armour
 l - a scarf of repulsion (worn)
 u - a +2 pair of boots of flying (worn)
 w - +0 steam dragon scales
 B - a +2 pair of gloves of hurling (worn)
 K - a +2 buckler (worn)
 Q - the +9 ring mail of Amorality {rElec rC+ SInv}
   (You bought it in a shop on level 8 of the Dungeon)

   rC:        It protects you from cold.
   rElec:     It insulates you from electricity.
   SInv:      It lets you see invisible.
 R - a scarf of resistance
 S - the +3 scale mail of Qyerym {Drain Slay+3 SInv}
   (You bought it in a shop on level 8 of the Dungeon)

   Slay:      It affects your accuracy & damage with ranged weapons and melee
   (+3).
   SInv:      It lets you see invisible.
   Drain:     It drains your maximum health when unequipped.
 U - the +2 ring mail "Iguafumase" (worn) {rN+ Regen+ Str+3 Int+3}
   (Okawaru gifted it to you on level 11 of the Dungeon)

   Str:       It affects your strength (+3).
   Int:       It affects your intelligence (+3).
   rN:        It protects you from negative energy.
   Regen:     It increases your rate of health regeneration.
Jewellery
 a - a ring of positive energy
 f - a +4 ring of evasion
 g - the ring of Wejuihow (left hand) {Wiz rPois rF- rCorr}
   (You found it in a Gauntlet)

   [ring of wizardry]

   It improves your spell success rate.
   rF:        It makes you vulnerable to fire.
   rPois:     It protects you from poison.
   rCorr:     It protects you from acid and corrosion.
 k - a +4 ring of protection (right hand)
 W - an amulet of faith (around neck)
Wands
 p - a wand of flame (10)
 J - a wand of digging (2)
 N - a wand of mindburst (7)
 T - a wand of iceblast (10)
Scrolls
 d - 4 scrolls of amnesia
 h - 3 scrolls of fog
 o - 4 scrolls of teleportation
 q - 6 scrolls of holy word
 r - 3 scrolls of magic mapping
 s - a scroll of vulnerability
 x - 2 scrolls of enchant armour
 z - 2 scrolls of fear
 A - 6 scrolls of enchant weapon
 D - a scroll of silence
 P - 2 scrolls of summoning
 Y - 4 scrolls of immolation
Potions
 e - 2 potions of ambrosia
 i - 3 potions of berserk rage
 n - 6 potions of brilliance
 t - 2 potions of haste
 v - 2 potions of lignification {unknown}
 y - 3 potions of attraction
 C - 3 potions of cancellation
 E - a potion of might
 G - 2 potions of magic
 I - 5 potions of mutation
 M - 4 potions of resistance
 O - 2 potions of flight {unknown}
 V - 2 potions of curing
Miscellaneous
 c - a box of beasts
 m - a phial of floods
 X - a phantom mirror


   Skills:
 + Level 11.9(16.9) Fighting
 + Level 12.2(17.2) Short Blades
 + Level 11.9(16.9) Long Blades
 + Level 11.9(16.9) Axes
 + Level 11.9(16.9) Maces & Flails
 + Level 11.9(16.9) Polearms
 + Level 11.9(16.9) Staves
 + Level 12.6(17.6) Slings
 + Level 11.9(16.9) Bows
 + Level 11.9(16.9) Crossbows
 + Level 11.9(16.9) Throwing
 + Level 11.9(16.9) Armour
 + Level 12.7(17.7) Dodging
 + Level 13.2(18.2) Stealth
 + Level 11.9(16.9) Shields
 + Level 11.9(16.9) Unarmed Combat
 + Level 12.9 Spellcasting
 + Level 10.1 Conjurations
 + Level 11.4 Hexes
 + Level 10.1 Summonings
 + Level 10.1 Necromancy
 + Level 10.1 Translocations
 + Level 10.1 Transmutations
 + Level 10.1 Fire Magic
 + Level 10.1 Ice Magic
 + Level 10.1 Air Magic
 + Level 10.1 Earth Magic
 + Level 10.1 Poison Magic
 + Level 12.9 Invocations
 + Level 11.9 Evocations


You had 20 spell levels left.
You knew the following spells:

 Your Spells              Type           Power      Damage    Failure   Level
a - Confusing Touch       Hex            54%        N/A       1%          3
b - Ensorcelled Hibernat  Hex/Ice        100%       N/A       1%          2
c - Mephitic Cloud        Conj/Pois/Air  50%        N/A       1%          3
d - Dispersal             Tloc           25%        N/A       9%          6
e - Leda's Liquefaction   Hex/Erth       26%        N/A       1%          4
f - Dazzling Flash        Conj/Hex       100%       N/A       1%          3

Your spell library contained the following spells:

 Spells                   Type           Power      Damage    Failure   Level
 Magic Dart               Conj           100%       1d8       1%          1
 Slow                     Hex            100%       N/A       1%          1
 Sublimation of Blood     Necr           50%        N/A       1%          2
 Wereblood                Tmut           50%        N/A       1%          2
 Gell's Gravitas          Tloc           50%        N/A       1%          3
 Portal Projectile        Hex/Tloc       100%       N/A       1%          3
 Teleport Other           Tloc           50%        N/A       1%          3
 Dispel Undead            Necr           50%        3d19      1%          4
 Hailstorm                Conj/Ice       50%        3d11      1%          4
 Ice Form                 Ice/Tmut       50%        N/A       1%          4
 Passage of Golubria      Tloc           50%        N/A       1%          4
 Petrify                  Tmut/Erth      50%        N/A       1%          4
 Freezing Cloud           Conj/Ice/Air   25%        6-21      1%          5
 Metabolic Englaciation   Hex/Ice        26%        N/A       1%          5
 Yara's Violent Unravell  Hex/Tmut       26%        3d11      1%          5
 Statue Form              Tmut/Erth      33%        N/A       9%          6
 Orb of Destruction       Conj           25%        9d10      38%         7
 Polar Vortex             Ice            25%        N/A       100%        9
 Call Imp                 Summ           Unusable   N/A       N/A         2
 Call Canine Familiar     Summ           Unusable   N/A       N/A         3
 Summon Guardian Golem    Hex/Summ       Unusable   N/A       N/A         3
 Tukima's Dance           Hex            Unusable   N/A       N/A         3
 Simulacrum               Ice/Necr       Unusable   N/A       N/A         6
 Spellforged Servitor     Conj/Summ      Unusable   N/A       N/A         7
 Summon Hydra             Summ           Unusable   N/A       N/A         7

Dungeon Overview and Level Annotations

Branches:
Dungeon (15/15)            Temple (1/1) D:6            Lair (6/6) D:9
  Swamp (1/4) Lair:3        Snake (4/4) Lair:3        Slime (0/5) Lair:5
    Orc (2/2) D:9             Elf (0/3) Orc:2        Vaults (0/5) D:13
 Depths (0/4) D:15          IceCv (visited)         Volcano (visited)
Gauntlet (visited)

Altars:
Ashenzari
Cheibriados
Dithmenos
Elyvilon
Fedhas
Gozag
Hepliaklqana
Kikubaaqudgha
Makhleb
Nemelex Xobeh
Okawaru
Qazlal
Ru
Sif Muna
Trog
Uskayaw
Vehumet
Wu Jian
Xom
Yredelemnul
Zin
The Shining One
Beogh
Jiyva

Shops:
D:3 ?(=   D:5 ?   D:8 [   Orc:2 [[?[   Snake:2 ?

Portals:
Hell: Lair:6

Annotations:
Lair:4 2 transporters, Ithra's ghost, journeyman OgTm; Urug
Lair:5 1 runed translucent door, KennySheep's ghost, journeyman DECj
Swamp:1 Frances


Innate Abilities, Weirdness & Mutations

You have very sharp teeth.
Your uncanny sense of smell can sniff out nearby items.
Your experience applies equally to all skills.


Message History

Confirm with . or Enter, or press ? or * to list all spells.
Your hands begin to glow red.
You block the salamander's attack. You block the naga warrior's attack.
You hit the salamander but do no damage.
The salamander appears confused.
The salamander is lightly wounded.
You catch the helpless naga warrior completely off-guard!
You hit the naga warrior but do no damage.
You are too injured to fight recklessly!
You catch the helpless guardian serpent completely off-guard!
You slash the guardian serpent! You burn the guardian serpent.
The guardian serpent is almost dead.
You block the guardian serpent's attack. x2
You barely miss the guardian serpent.
The guardian serpent is almost dead.
A shock serpent comes into view.
The shock serpent hisses angrily.
You slash the guardian serpent! You burn the guardian serpent.
You kill the guardian serpent!
Okawaru accepts your kill.
You strike the helpless naga warrior from behind!
You hit the naga warrior but do no damage.
You hit the naga warrior but do no damage.
The naga warrior is moderately wounded.
The shock serpent misses you. The naga warrior completely misses you.
Casting: Confusing Touch (safe; 1% risk of failure)
Confirm with . or Enter, or press ? or * to list all spells.
Your hands begin to glow red.
The shock serpent bites you! The shock serpent shocks you. You resist.
* * * LOW HITPOINT WARNING * * *
The naga warrior hits you with a +0 battleaxe!!
* * * LOW HITPOINT WARNING * * *
The shock serpent closely misses you.
Okay, then.
You feel better. The shock serpent misses you. The shock serpent bites you!
* * * LOW HITPOINT WARNING * * *
The shock serpent shocks you. You resist.
* * * LOW HITPOINT WARNING * * *
The shock serpent bites you!
You die...

### ##.########## #####
#####......#....###....
#...†..................
#....S@................
##.N...N####...))†.....
#..#####..'...........
#..#......#...#†###...
#.. #......#..##...#...
#...
#......'..#...##... #..
##.....#..'...'...# ##.
#.....#..#####...#
#######..........#


You could see a naga warrior (confused), a salamander (confused) and a shock
serpent.

Vanquished Creatures
  A sphinx (D:13)
  2 orc warlords (Orc:2)
  2 ghouls (D:14)
  A bunyip (shapeshifter) (D:15)
  A yaktaur captain (D:13)
  A boulder beetle (Lair:6)
  A salamander tyrant (Snake:4)
  10 hydras
  An ice dragon (IceCv)
  8 naga warriors
  A catoblepas (Lair:6)
  Harold (D:11)
  8 anacondas
  9 centaur warriors
  9 two-headed ogres
  10 death yaks
  5 shock serpents
  4 orc high priests (Orc:2)
  4 naga sharpshooters
  A sixfirhy (Lair:6)
  A storm dragon skeleton (D:15)
  3 salamander mystics
  3 skeletal warriors
  A golden dragon zombie (D:15)
  A glowing orange brain (D:13)
  A flayed ghost (D:15)
  A wolf spider zombie (D:14)
  6 naga ritualists
  A wizard (Lair:6)
  A necromancer (D:15)
  4 orc knights
  2 wolf spiders
  6 deep elf pyromancers
  9 mana vipers
  A frost giant zombie (D:15)
  15 ugly things
  4 orc sorcerers (Orc:2)
  3 cyclopes
  3 manticores
  A stone giant zombie (D:15)
  6 salamanders
  14 elephants
  38 black mambas
  2 moths of wrath (Gauntlet)
  5 naga magi
  2 guardian serpents
  2 torpor snails
  Joseph (Lair:1)
  2 ice statues (IceCv)
  A storm dragon simulacrum (D:15)
  An orange demon (Lair:6)
  3 gargoyles
  An unseen horror (D:10)
  Maggie (D:8)
  5 kobold demonologists
  17 cane toads
  4 ice devils (Lair:6)
  A hellwing (Lair:6)
  9 rime drakes
  3 yaktaurs (D:13)
  2 tengu conjurers (D:13)
  5 komodo dragons
  A guardian mummy (D:15)
  A red devil (Lair:6)
  A meliai (shapeshifter) (D:13)
  A queen bee (shapeshifter) (D:15)
  8 trolls
  A wolf spider simulacrum (Gauntlet)
  13 slime creatures
  A meliai (D:13)
  12 blink frogs
  3 polar bears
  12 dream sheep
  A vampire (D:12)
  4 redbacks (Gauntlet)
  Sigmund (D:2)
  2 wraiths (D:12)
  5 wyverns
  4 fire elementals (Volcano)
  39 yaks
  2 basilisks
  A redback simulacrum (D:13)
  3 steam dragons
  15 vampire mosquitoes
  5 wargs
  5 swamp worms (Lair:3)
  33 nagas
  19 water moccasins
  10 hell hounds
  44 orc warriors
  A meliai simulacrum (Gauntlet)
  A sky beast (D:5)
  An ice beast (shapeshifter) (D:13)
  2 ice beasts
  5 black bears
  2 hornet zombies
  3 necrophages
  10 ogres
  20 wolves
  A phantom (Temple)
  13 centaurs
  5 gnoll sergeants
  12 kobold brigands
  Blork the orc (D:4)
  18 bullfrogs
  A cane toad simulacrum (Gauntlet)
  2 two-headed ogre simulacra (D:12)
  2 scorpions (D:6)
  A wyvern skeleton (D:7)
  A water moccasin zombie (D:7)
  2 water moccasin skeletons
  A lindwurm simulacrum (IceCv)
  An elephant simulacrum (D:12)
  6 killer bees (D:11)
  8 wights
  6 electric eels
  3 howler monkeys
  4 bullfrog zombies
  11 centaur zombies
  6 komodo dragon simulacra (IceCv)
  2 jellies
  3 hounds
  A human zombie (D:7)
  2 centaur skeletons
  A gnoll shaman (D:7)
  27 orc priests
  An iguana (D:7)
  29 orc wizards
  A spriggan simulacrum (D:12)
  A troll simulacrum (D:12)
  2 hound skeletons (D:4)
  3 mummies (D:7)
  6 acid dragon simulacra (IceCv)
  10 adders
  24 gnolls
  3 naga simulacra (D:12)
  A shadow imp (D:7)
  A white imp (D:7)
  8 steam dragon simulacra (IceCv)
  An adder zombie (D:5)
  2 worms
  4 dart slugs
  98 orcs
  9 endoplasms
  2 giant cockroaches
  5 goblins
  3 hobgoblins
  3 quokkas
  7 ball pythons
  7 bats
  4 frilled lizards
  16 kobolds
  9 rats
  A butterfly (Lair:3)
966 creatures vanquished.

Vanquished Creatures (others)
  A deep elf archer (Volcano)
  A black mamba (Snake:2)
  A basilisk (Lair:4)
  A naga (Snake:4)
  An electric eel (D:6)
  An orc (Orc:2)
  45 fungi
  90 plants
  6 withered plants (D:15)
147 creatures vanquished.

Grand Total: 1113 creatures vanquished

Notes
Turn   | Place    | Note
-------+----------+-------------------------------------------
     0 | D:1      | karrick the Gnoll Enchanter began the quest for the Orb.
     0 | D:1      | Reached XP level 1. HP: 13/13 MP: 6/6
   324 | D:1      | Reached XP level 2. HP: 6/19 MP: 7/7
   560 | D:1      | Found a faded altar of an unknown god.
   863 | D:1      | Reached XP level 3. HP: 25/25 MP: 9/9
   870 | D:1      | Learned a level 3 spell: Confusing Touch
   900 | D:1      | Reached skill level 5 in Spellcasting
  1268 | D:1      | Reached skill level 6 in Stealth
  1519 | D:2      | Found an iron altar of Okawaru.
  1529 | D:2      | Became a worshipper of Warmaster Okawaru
  1592 | D:2      | Reached skill level 1 in Invocations
  1852 | D:2      | Noticed Sigmund
  1904 | D:3      | Reached skill level 1 in Fighting
  1904 | D:3      | Reached skill level 1 in Long Blades
  1904 | D:3      | Reached skill level 1 in Axes
  1904 | D:3      | Reached skill level 1 in Maces & Flails
  1904 | D:3      | Reached skill level 1 in Polearms
  1904 | D:3      | Reached skill level 1 in Staves
  1904 | D:3      | Reached skill level 1 in Slings
  1904 | D:3      | Reached skill level 1 in Bows
  1904 | D:3      | Reached skill level 1 in Crossbows
  1904 | D:3      | Reached skill level 1 in Throwing
  1904 | D:3      | Reached skill level 1 in Armour
  1904 | D:3      | Reached skill level 1 in Shields
  1904 | D:3      | Reached skill level 1 in Unarmed Combat
  1904 | D:3      | Reached skill level 1 in Evocations
  1904 | D:3      | Reached XP level 4. HP: 32/32 MP: 11/11
  2031 | D:3      | Reached skill level 1 in Conjurations
  2031 | D:3      | Reached skill level 1 in Summonings
  2031 | D:3      | Reached skill level 1 in Necromancy
  2031 | D:3      | Reached skill level 1 in Translocations
  2031 | D:3      | Reached skill level 1 in Transmutations
  2031 | D:3      | Reached skill level 1 in Fire Magic
  2031 | D:3      | Reached skill level 1 in Ice Magic
  2031 | D:3      | Reached skill level 1 in Air Magic
  2031 | D:3      | Reached skill level 1 in Earth Magic
  2031 | D:3      | Reached skill level 1 in Poison Magic
  2183 | D:3      | Found Goutu's Magic Scroll Emporium.
  2224 | D:3      | Found Ytifior's Antique Weapon Emporium.
  2225 | D:3      | Bought a scroll of identify for 24 gold pieces
  2231 | D:3      | Bought a scroll of magic mapping for 42 gold pieces
  2260 | D:3      | Found a white marble altar of Elyvilon.
  2275 | D:3      | Reached XP level 5. HP: 24/37 MP: 8/12
  2488 | D:3      | Found Wicries's Jewellery Shop.
  2490 | D:3      | Found a glowing golden altar of the Shining One.
  3145 | D:4      | Reached XP level 6. HP: 39/44 MP: 9/13
  3415 | D:4      | Noticed a necrophage
  3424 | D:4      | Killed a necrophage
  3425 | D:4      | Reached skill level 5 in Dodging
  4018 | D:4      | Noticed Blork the orc
  4024 | D:4      | Killed Blork the orc
  4025 | D:4      | Reached XP level 7. HP: 46/50 MP: 11/15
  4235 | D:5      | Entered Level 5 of the Dungeon
  4286 | D:5      | Learned a level 2 spell: Ensorcelled Hibernation
  4337 | D:5      | Found Saokhlo's Magic Scroll Boutique.
  4465 | D:4      | Reached * piety under Okawaru
  5010 | D:5      | Reached XP level 8. HP: 53/57 MP: 13/16
  5853 | D:6      | Found a staircase to the Ecumenical Temple.
  5865 | D:6      | Reached ** piety under Okawaru
  6232 | D:6      | Found a radiant altar of Vehumet.
  6235 | D:6      | Found a stormy altar of Qazlal.
  6320 | D:6      | Reached skill level 7 in Stealth
  6530 | Temple   | Entered the Ecumenical Temple
  6836 | D:6      | Reached XP level 9. HP: 48/65 MP: 13/18
  7746 | D:7      | Learned a level 3 spell: Mephitic Cloud
  7809 | D:7      | Identified the +6 war axe of the Aged Seers {flame, rElec
                  | Dex+2}
  7838 | D:7      | Reached *** piety under Okawaru
  7909 | D:7      | Reached skill level 5 in Short Blades
  8895 | D:7      | Reached skill level 5 in Invocations
  9502 | D:7      | Reached **** piety under Okawaru
  9548 | D:7      | Reached XP level 10. HP: 53/73 MP: 13/20
  9639 | D:7      | Found an ancient bone altar of Kikubaaqudgha.
  9806 | D:8      | Noticed Maggie
  9931 | D:2      | Killed Sigmund
 10312 | D:7      | Reached skill level 5 in Fighting
 10312 | D:7      | Reached skill level 5 in Long Blades
 10312 | D:7      | Reached skill level 5 in Axes
 10312 | D:7      | Reached skill level 5 in Maces & Flails
 10312 | D:7      | Reached skill level 5 in Polearms
 10312 | D:7      | Reached skill level 5 in Staves
 10312 | D:7      | Reached skill level 5 in Slings
 10312 | D:7      | Reached skill level 5 in Bows
 10312 | D:7      | Reached skill level 5 in Crossbows
 10312 | D:7      | Reached skill level 5 in Throwing
 10312 | D:7      | Reached skill level 5 in Armour
 10312 | D:7      | Reached skill level 5 in Shields
 10312 | D:7      | Reached skill level 5 in Unarmed Combat
 10312 | D:7      | Reached skill level 5 in Evocations
 10687 | D:9      | Found a staircase to the Lair.
 10688 | D:9      | Received a gift from Okawaru
 10689 | D:9      | Reached skill level 8 in Stealth
 10877 | D:9      | You fall into a shaft and drop 3 floors!
 11021 | D:12     | Noticed a two-headed ogre
 11097 | D:12     | Found a frozen archway.
 11222 | IceCv    | Entered an ice cave
 11374 | IceCv    | Noticed an ice statue
 11374 | IceCv    | Noticed an ice statue
 11677 | IceCv    | Killed an ice statue
 11816 | IceCv    | Killed an ice statue
 11966 | IceCv    | Noticed an ice dragon
 11986 | IceCv    | Received a gift from Okawaru
 11986 | IceCv    | Reached ***** piety under Okawaru
 11988 | IceCv    | Reached XP level 11. HP: 60/81 MP: 19/22
 12272 | IceCv    | Killed an ice dragon
 12495 | D:12     | Reached skill level 5 in Conjurations
 12495 | D:12     | Reached skill level 5 in Summonings
 12495 | D:12     | Reached skill level 5 in Necromancy
 12495 | D:12     | Reached skill level 5 in Translocations
 12495 | D:12     | Reached skill level 5 in Transmutations
 12495 | D:12     | Reached skill level 5 in Fire Magic
 12495 | D:12     | Reached skill level 5 in Ice Magic
 12495 | D:12     | Reached skill level 5 in Air Magic
 12495 | D:12     | Reached skill level 5 in Earth Magic
 12495 | D:12     | Reached skill level 5 in Poison Magic
 12600 | D:10     | Entered Level 10 of the Dungeon
 12622 | D:10     | Found an iron altar of Okawaru.
 12643 | D:10     | Received a gift from Okawaru
 12975 | D:8      | Received a gift from Okawaru
 13187 | D:9      | Identified the +4 flail of Vaopuoll {distort, rCorr Dex+7}
 13198 | D:9      | Found a staircase to the Orcish Mines.
 14144 | D:10     | Noticed a moth of wrath
 14214 | D:10     | Noticed a two-headed ogre
 14231 | D:10     | Killed a two-headed ogre
 14231 | D:10     | Received a gift from Okawaru
 14232 | D:10     | Reached skill level 9 in Stealth
 14574 | D:10     | Found a bloodstained altar of Trog.
 14725 | D:11     | Noticed a red ugly thing
 14765 | D:11     | Killed a red ugly thing
 14795 | D:11     | Noticed an eight-headed hydra
 14962 | Lair:1   | Entered Level 1 of the Lair of Beasts
 14970 | Lair:1   | Noticed Joseph
 15114 | Lair:1   | Found an iron altar of Okawaru.
 15172 | Lair:1   | Reached XP level 12. HP: 89/89 MP: 24/24
 15215 | Lair:1   | Killed Joseph
 15845 | Lair:2   | You are sucked into a shaft and drop 2 floors!
 15953 | Lair:4   | Noticed an anaconda
 15953 | Lair:4   | Noticed a death yak
 16204 | Lair:2   | Received a gift from Okawaru
 16242 | Lair:2   | Reached ****** piety under Okawaru
 17509 | Lair:3   | Received a gift from Okawaru
 17867 | Lair:3   | Found a staircase to the Snake Pit.
 18036 | Lair:3   | Reached XP level 13. HP: 73/98 MP: 22/26
 18128 | Lair:3   | Reached skill level 10 in Stealth
 18288 | Lair:3   | Found a staircase to the Swamp.
 18939 | Lair:4   | Found a transporter.
 18942 | Lair:4   | Noticed Ithra's ghost (journeyman OgTm)
 18981 | Lair:4   | Found a transporter.
 18999 | Lair:4   | Noticed Urug
 19932 | D:11     | Noticed Harold
 20329 | D:11     | Killed Harold
 20443 | D:11     | Identified the +2 ring mail "Iguafumase" {rN+ Regen+ Str+3
                  | Int+3} (Okawaru gifted it to you on level 11 of the
                  | Dungeon)
 20443 | D:11     | Received a gift from Okawaru
 21599 | D:13     | Reached skill level 10 in Spellcasting
 21660 | D:13     | Found a gate leading to a gauntlet.
 21669 | Gauntlet | Entered a Gauntlet
 21669 | Gauntlet | Found a transporter.
 21679 | Gauntlet | Found a transporter.
 21694 | Gauntlet | Found a transporter.
 21696 | Gauntlet | Found a large runed translucent door.
 21696 | Gauntlet | Found a large runed translucent door.
 21697 | Gauntlet | Found a large runed translucent door.
 21697 | Gauntlet | Found a large runed translucent door.
 21698 | Gauntlet | Found a large runed translucent door.
 21698 | Gauntlet | Found a large runed translucent door.
 21698 | Gauntlet | Found a runed translucent door.
 21698 | Gauntlet | Found a runed translucent door.
 21698 | Gauntlet | Found a large runed translucent door.
 21699 | Gauntlet | Found a transporter.
 21714 | Gauntlet | Found a transporter.
 21729 | Gauntlet | Found a large runed translucent door.
 21730 | Gauntlet | Found a large runed translucent door.
 21731 | Gauntlet | Found a large runed translucent door.
 21731 | Gauntlet | Found a large runed translucent door.
 21732 | Gauntlet | Found a runed translucent gate.
 21733 | Gauntlet | Found a transporter.
 21733 | Gauntlet | Found a runed translucent gate.
 21734 | Gauntlet | Found a runed translucent gate.
 21747 | Gauntlet | Found a large runed translucent door.
 21747 | Gauntlet | Found a large runed translucent door.
 21748 | Gauntlet | Found a large runed translucent door.
 21749 | Gauntlet | Found a large runed translucent door.
 21757 | Gauntlet | Found a transporter.
 21759 | Gauntlet | Found a large runed translucent door.
 21763 | Gauntlet | Found a transporter.
 21780 | Gauntlet | Found a transporter.
 21785 | Gauntlet | Found a transporter.
 21789 | Gauntlet | Found a transporter.
 21807 | Gauntlet | Noticed a quicksilver ooze
 21810 | Gauntlet | Found a transporter.
 21822 | Gauntlet | Found a transporter.
 21839 | Gauntlet | Found a transporter.
 21857 | Gauntlet | Found a transporter.
 21859 | Gauntlet | Found a transporter.
 21888 | Gauntlet | Found a transporter.
 22097 | Gauntlet | Found a transporter.
 22148 | Gauntlet | Identified the +0 arbalest "Rex Ybuy" {vorpal, rCorr Dex+2}
 22194 | Gauntlet | Identified the +9 flail of the Everdark {holy, Drain Fly
                  | rC+ Stlth+} (Okawaru gifted it to you in a Gauntlet)
 22194 | Gauntlet | Received a gift from Okawaru
 22203 | Gauntlet | Identified the -4 helmet of Bright the Good {rF++}
 22251 | Gauntlet | Identified the +5 hand axe of the Six Eyes {venom, Str+3
                  | Int+2 Dex-4 Stlth+}
 22251 | Gauntlet | Noticed a minotaur
 22300 | Gauntlet | Identified the ring of Wejuihow {Wiz rPois rF- rCorr}
 22653 | D:13     | Reached skill level 10 in Dodging
 22716 | D:14     | Noticed a ghoul
 22847 | D:8      | Killed Maggie
 22848 | D:8      | Reached XP level 14. HP: 106/106 MP: 28/28
 22965 | D:8      | Found a sacrificial altar of Ru.
 22965 | D:8      | Found a snail-covered altar of Cheibriados.
 22983 | D:8      | Found a shadowy altar of Dithmenos.
 23250 | D:8      | Found Ogalenex's Antique Armour Shoppe.
 23253 | D:8      | Bought a pair of runed gloves for 180 gold pieces
 23263 | D:8      | Bought a fine scale mail for 216 gold pieces
 23263 | D:8      | Identified the +3 scale mail of Qyerym {Drain Slay+3 SInv}
                  | (You bought it in a shop on level 8 of the Dungeon)
 23263 | D:8      | Bought a brightly glowing robe for 136 gold pieces
 23263 | D:8      | Identified the +1 robe of Wu Jian's Pride {rPois Int+2
                  | Stlth+} (You bought it in a shop on level 8 of the Dungeon)
 23263 | D:8      | Bought a dazzling ring mail for 216 gold pieces
 23263 | D:8      | Identified the +9 ring mail of Amorality {rElec rC+ SInv}
                  | (You bought it in a shop on level 8 of the Dungeon)
 23667 | Orc:1    | Entered Level 1 of the Orcish Mines
 23736 | Orc:2    | Entered Level 2 of the Orcish Mines
 24232 | Orc:1    | Received a gift from Okawaru
 24721 | Orc:2    | Noticed an orc warlord
 24757 | Orc:2    | Killed an orc warlord
 24799 | Orc:2    | Found Zotz's Magic Scroll Shop.
 25078 | Orc:2    | Received a gift from Okawaru
 25116 | Orc:2    | Found a staircase to the Elven Halls.
 25185 | Orc:2    | Reached skill level 10 in Invocations
 25429 | Orc:2    | Found Etang's Armour Emporium.
 25456 | Orc:2    | Reached skill level 11 in Stealth
 25456 | Orc:2    | Noticed an orc warlord
 25487 | Orc:2    | Killed an orc warlord
 25588 | Orc:2    | Found Zebommask's Armour Boutique.
 25982 | Orc:2    | Found Yrchyss's Antique Armour Boutique.
 26030 | Orc:2    | Bought 2 scrolls of identify for 48 gold pieces
 26030 | Orc:2    | Bought a scroll of magic mapping for 42 gold pieces
 26030 | Orc:2    | Bought a scroll of teleportation for 36 gold pieces
 26034 | Orc:2    | Bought a scroll of identify for 24 gold pieces
 26034 | Orc:2    | Bought a scroll of identify for 24 gold pieces
 26034 | Orc:2    | Bought a scroll of identify for 24 gold pieces
 26050 | Orc:2    | Bought a spiked chain mail for 266 gold pieces
 26050 | Orc:2    | Identified the +7 chain mail of the Trout {Int+4 Slay+2}
                  | (You bought it in a shop on level 2 of the Orcish Mines)
 26107 | Orc:2    | Paralysed by an orc sorcerer for 6 turns
 26675 | Lair:4   | Received a gift from Okawaru
 26848 | Lair:4   | Received a gift from Okawaru
 27132 | Lair:5   | Reached skill level 10 in Short Blades
 27141 | Lair:5   | Received a gift from Okawaru
 27189 | Lair:5   | Found a dark tunnel.
 27225 | Lair:5   | Reached XP level 15. HP: 84/115 MP: 27/29
 27232 | Volcano  | Entered a volcano
 27346 | Volcano  | Received a gift from Okawaru
 27398 | Volcano  | Identified the +5 longbow "Jellybane" {venom, rElec rPois
                  | rF+} (Okawaru gifted it to you in a volcano)
 27398 | Volcano  | Received a gift from Okawaru
 27734 | Lair:5   | Reached skill level 10 in Hexes
 27927 | Lair:5   | Identified the +8 chain mail of Shielding {rElec}
 28169 | Lair:5   | Found a runed translucent door.
 28172 | Lair:5   | Reached skill level 10 in Fighting
 28172 | Lair:5   | Reached skill level 10 in Long Blades
 28172 | Lair:5   | Reached skill level 10 in Axes
 28172 | Lair:5   | Reached skill level 10 in Maces & Flails
 28172 | Lair:5   | Reached skill level 10 in Polearms
 28172 | Lair:5   | Reached skill level 10 in Staves
 28172 | Lair:5   | Reached skill level 10 in Slings
 28172 | Lair:5   | Reached skill level 10 in Bows
 28172 | Lair:5   | Reached skill level 10 in Crossbows
 28172 | Lair:5   | Reached skill level 10 in Throwing
 28172 | Lair:5   | Reached skill level 10 in Armour
 28172 | Lair:5   | Reached skill level 10 in Shields
 28172 | Lair:5   | Reached skill level 10 in Unarmed Combat
 28172 | Lair:5   | Reached skill level 10 in Evocations
 28184 | Lair:5   | Noticed KennySheep's ghost (journeyman DECj)
 28261 | Lair:5   | Found a staircase to the Slime Pits.
 28365 | Lair:5   | Found a viscous altar of Jiyva.
 28542 | Lair:6   | Entered Level 6 of the Lair of Beasts
 28799 | Lair:6   | Received a gift from Okawaru
 28903 | Lair:6   | Received a gift from Okawaru
 29398 | Lair:6   | Received a gift from Okawaru
 29401 | Lair:6   | Found a burning altar of Makhleb.
 29798 | Lair:6   | Received a gift from Okawaru
 30103 | Lair:6   | Reached skill level 12 in Stealth
 30108 | Lair:6   | Received a gift from Okawaru
 30392 | Lair:6   | Found a gateway to Hell.
 31096 | D:13     | Reached XP level 16. HP: 120/123 MP: 31/31
 31096 | D:13     | Found a gate to the Vaults.
 31319 | D:13     | Noticed a sphinx
 31340 | D:13     | Killed a sphinx
 31948 | D:14     | Received a gift from Okawaru
 32533 | D:14     | Found a shimmering blue altar of Sif Muna.
 32818 | D:15     | Entered Level 15 of the Dungeon
 32951 | D:14     | Identified the +6 fustibalus of Blind Justice {speed, rPois
                  | rF+++ Str-3 Int-4} (Okawaru gifted it to you on level 14 of
                  | the Dungeon)
 32951 | D:14     | Received a gift from Okawaru
 33076 | D:15     | Learned a level 6 spell: Dispersal
 33153 | D:15     | Got the Reference Book on Doomed Earth
 33425 | D:15     | Found a staircase to the Depths.
 33711 | D:15     | Received a gift from Okawaru
 34136 | Swamp:1  | Entered Level 1 of the Swamp
 34136 | Swamp:1  | Noticed Frances
 34210 | Snake:1  | Entered Level 1 of the Snake Pit
 34213 | Snake:1  | Identified a scroll of acquirement
 34214 | Snake:1  | Acquired a manual of Slings
 34250 | Snake:1  | Learned a level 4 spell: Leda's Liquefaction
 34268 | Snake:1  | You are sucked into a shaft and drop 1 floor!
 34282 | Snake:2  | Found Bajaqipt's Magic Scroll Boutique.
 34313 | Snake:2  | Received a gift from Okawaru
 34314 | Snake:2  | Reached XP level 17. HP: 113/131 MP: 25/33
 34386 | Snake:2  | Bought a scroll of identify for 32 gold pieces
 34386 | Snake:2  | Bought a scroll of teleportation for 48 gold pieces
 34386 | Snake:2  | Bought a scroll of teleportation for 48 gold pieces
 34386 | Snake:2  | Bought a scroll of identify for 32 gold pieces
 34646 | Snake:2  | Received a gift from Okawaru
 35367 | Snake:2  | Learned a level 3 spell: Dazzling Flash
 35499 | Snake:2  | Reached skill level 13 in Stealth
 36565 | Snake:3  | Found the +2 Maxwell's thermic engine {flame, freeze}
 37264 | Snake:3  | Received a gift from Okawaru
 37547 | Snake:4  | Entered Level 4 of the Snake Pit
 37754 | Snake:3  | Reached skill level 10 in Conjurations
 37754 | Snake:3  | Reached skill level 10 in Summonings
 37754 | Snake:3  | Reached skill level 10 in Necromancy
 37754 | Snake:3  | Reached skill level 10 in Translocations
 37754 | Snake:3  | Reached skill level 10 in Transmutations
 37754 | Snake:3  | Reached skill level 10 in Fire Magic
 37754 | Snake:3  | Reached skill level 10 in Ice Magic
 37754 | Snake:3  | Reached skill level 10 in Air Magic
 37754 | Snake:3  | Reached skill level 10 in Earth Magic
 37754 | Snake:3  | Reached skill level 10 in Poison Magic
 38228 | Snake:4  | Received a gift from Okawaru
 38782 | Snake:4  | HP: 2/133 [naga warrior (34)]
 38783 | Snake:4  | Slain by a shock serpent

Illustrated notes

Levels and vault maps discovered:
D:1:      amcnicky_arrival_underground_garden, layout_loops_corners,
          nicolae_ecumenical_lake_church
D:2:      layout_rooms, basic_altar, minmay_tripent, uniq_sigmund
D:3:      layout_basic, tso_oasis_becter, elyvilon_altar_1, serial_shops,
          shop_statue, nicolae_square_shop, nicolae_shop_waterfront,
          minmay_misc_feat_five
D:4:      layout_cave_pods, uniq_blork_the_orc
D:5:      layout_cave_pools, serial_shops, kennysheep_mini_moat
D:6:      layout_basic, nicolae_overflow_squiral, minmay_temple_entry_ruins,
          minmay_misc_feat_square, columned_hall_lemuel, minmay_between
D:7:      layout_layer_cave, lemuel_mausoleum_altar_kikubaaqudgha, st_stairs_11,
          nicolae_grassy_gnolls
D:8:      layout_gridville, grunt_dithmenos_smoke_and_mirrors,
          gammafunk_temple_overflow_pools, serial_shops, kennysheep_mini,
          chequers_serial_rivers_small_b, uniq_maggie
D:9:      layout_loops_ring, lair_entry_dummy, david_orc_1_choice
D:10:     layout_roguey, tgw_trog, mainiacjoe_overflow_catwalk,
          minmay_misc_feat_cross, grunt_ministairs_12, serial_bayou_lake_a
D:11:     layout_cave_pods, evilmike_butchery, uniq_harold
D:12:     layout_stronghold, portal_ice_cave_entry_ice_simulacra,
          nzn_life_drinkers
D:13:     minmay_expanding_squares, layout_grid_maze,
          hangedman_vaults_entry_quadrant_bands, gauntlet_entry_generic
D:14:     layout_long_grid, nicolae_sif_muna_condensation, serial_undead,
          serial_undead_e, serial_undead_d, serial_undead_a, serial_undead_a
D:15:     gammafunk_depths_entry_grave, layout_long_grid, dk_noncrumbling_4
Temple:   nicolae_temple_hex_pool
Lair:1:   layout_misc_corridors, hangedman_lair_unloving_vines,
          lemuel_altar_in_water2, uniq_joseph
Lair:2:   layout_hall_layers, grunt_megastairs_1
Lair:3:   layout_layer_cave, nicolae_swamp_entry_splash_gauntlet,
          dummy_snake_entry, lemuel_fruit_fields
Lair:4:   nzn_winding_woodlands_medium [nzn_winding_woodlands_5x5_closed_star,
          nzn_winding_woodlands_5x15_twine, nzn_winding_woodlands_5x5_default,
          nzn_winding_woodlands_5x5_three, nzn_winding_woodlands_center_lodge,
          nzn_winding_woodlands_5x5_default,
          nzn_winding_woodlands_5x5_open_star, nzn_winding_woodlands_5x15_eye,
          nzn_winding_woodlands_5x5_cross], layout_cave_shapes,
          gammafunk_ghost_berserking_beasts, cheibrodos_lair_lostbears,
          uniq_urug
Lair:5:   layout_long_grid, slime_altar_1, nicolae_volcano_entry_lava_flow,
          ebering_ghost_inner_flame, serial_rivers,
          chequers_serial_rivers_large_b, chequers_serial_rivers_micro_a,
          chequers_serial_rivers_micro_a, chequers_serial_rivers_small_3,
          chequers_serial_rivers_micro_d, chequers_serial_rivers_micro_e,
          serial_bayou_shore_a
Lair:6:   evil_forest, layout_long_grid
Swamp:1:  layout_basic_swamp, evilmike_swamp_ruin_house_5, swamp_pool4,
          uniq_frances
Snake:1:  layout_onion_interference, special_room
Snake:2:  layout_cave_town, serial_shops, shop, nicolae_snake_gridmaze_tees,
          hangedman_snake_corridor_split
Snake:3:  layout_onion_interference
Snake:4:  snake_pit_salamanders_mu, layout_cave_town, serial_shops, shop
Orc:1:    layout_diamond_mine
Orc:2:    pubby_orc_utopia

Skill      XL: |  1  2  3  4  5  6  7  8  9 10 11 12 13 14 15 16 17 |
---------------+----------------------------------------------------+-----
Spellcasting   | 5 6 7 8 9 10 11 12 | 12.9
Stealth        | 6 7 8 9 10 11 12 13 | 13.2
Invocations    | 1 2 3 4 5 6 7 8 9 10 11 12 | 12.9
Fighting       | 1 2 3 4 5 6 7 8 9 10 11 | 11.9
Long Blades    | 1 2 3 4 5 6 7 8 9 10 11 | 11.9
Axes           | 1 2 3 4 5 6 7 8 9 10 11 | 11.9
Maces & Flails | 1 2 3 4 5 6 7 8 9 10 11 | 11.9
Polearms       | 1 2 3 4 5 6 7 8 9 10 11 | 11.9
Staves         | 1 2 3 4 5 6 7 8 9 10 11 | 11.9
Slings         | 1 2 3 4 5 6 7 8 9 10 11 12 | 12.6
Bows           | 1 2 3 4 5 6 7 8 9 10 11 | 11.9
Crossbows      | 1 2 3 4 5 6 7 8 9 10 11 | 11.9
Throwing       | 1 2 3 4 5 6 7 8 9 10 11 | 11.9
Armour         | 1 2 3 4 5 6 7 8 9 10 11 | 11.9
Shields        | 1 2 3 4 5 6 7 8 9 10 11 | 11.9
Unarmed Combat | 1 2 3 4 5 6 7 8 9 10 11 | 11.9
Evocations     | 1 2 3 4 5 6 7 8 9 10 11 | 11.9
Conjurations   | 1 2 3 4 5 6 7 8 9 10 | 10.1
Summonings     | 1 2 3 4 5 6 7 8 9 10 | 10.1
Necromancy     | 1 2 3 4 5 6 7 8 9 10 | 10.1
Translocations | 1 2 3 4 5 6 7 8 9 10 | 10.1
Transmutations | 1 2 3 4 5 6 7 8 9 10 | 10.1
Fire Magic     | 1 2 3 4 5 6 7 8 9 10 | 10.1
Ice Magic      | 1 2 3 4 5 6 7 8 9 10 | 10.1
Air Magic      | 1 2 3 4 5 6 7 8 9 10 | 10.1
Earth Magic    | 1 2 3 4 5 6 7 8 9 10 | 10.1
Poison Magic   | 1 2 3 4 5 6 7 8 9 10 | 10.1
Short Blades   | 3 4 5 6 7 8 9 10 11 12 | 12.2
Dodging        | 5 6 7 8 9 10 11 12 | 12.7
Hexes          | 6 7 8 9 10 11 | 11.4

Action                   |  1- 3 |  4- 6 |  7- 9 | 10-12 | 13-15 | 16-18 || total
-------------------------+-------+-------+-------+-------+-------+-------++-------
Melee: Dagger            |   146 |   188 |   559 |   648 |   368 |       ||  1909
       Bite              |    11 |    18 |    82 |   115 |   255 |   214 ||   695
       Punch             |       |     1 |     4 |     3 |       |       ||     8
       War axe           |       |       |       |   390 |  1177 |  1343 ||  2910
       Hand axe          |       |       |       |       |   310 |     5 ||   315
Throw: Boomerang         |       |       |       |       |     1 |       ||     1
 Cast: Confusing Touch   |       |    19 |    73 |   103 |   133 |   128 ||   456
       Mephitic Cloud    |       |       |       |     2 |    42 |     4 ||    48
       Leda's Liquefacti |       |       |       |       |       |     2 ||     2
       Ensorcelled Hiber |       |       |       |       |       |     1 ||     1
Invok: Heroism           |       |       |       |     8 |    23 |    28 ||    59
       Finesse           |       |       |       |     1 |     2 |     4 ||     7
Evoke: Wand              |       |       |       |     6 |    17 |       ||    23
  Use: Potion            |       |       |     3 |     4 |     7 |     4 ||    18
       Scroll            |       |       |       |    12 |    17 |    14 ||    43
 Stab: Sleeping          |    16 |     5 |    14 |    23 |    26 |    14 ||    98
       Confused          |       |    18 |    51 |   100 |   168 |   191 ||   528
       Distracted        |       |     1 |     1 |     2 |     4 |     1 ||     9
       Invisible         |       |       |       |       |     1 |       ||     1
Armor: Robe              |    30 |    26 |    88 |    18 |       |       ||   162
       Troll leather arm |       |       |       |   135 |   101 |       ||   236
       Chain mail        |       |       |       |    34 |       |       ||    34
       Ring mail         |       |       |       |       |   311 |   291 ||   602
Dodge: Dodged            |   107 |   111 |   362 |   652 |  1160 |   768 ||  3160
       Repelled          |       |       |       |       |       |    12 ||    12
Block: Buckler           |       |       |       |   270 |   745 |   519 ||  1534

Table legend: (Time is in decaauts)
 A = Elapsed time spent in this place.
 B = Non-inter-level travel time spent in this place.
 C = Inter-level travel time spent in this place.
 D = Time resting spent in this place.
 E = Time spent auto-exploring this place.
 F = Levels seen in this place.
 G = Mean time per level.
                   A        B        C        D        E       F      G
               +--------+--------+--------+--------+--------+-----+--------+
         Total |  38027 |  34928 |   3099 |   2396 |  18871 |  32 | 1188.3 |
       Dungeon |  20412 |  18178 |   2234 |   1012 |  10499 |  15 | 1360.8 |
        Temple |    272 |    267 |      5 |     96 |    131 |   1 |  272.0 |
          Lair |   7841 |   7292 |    549 |    211 |   4671 |   6 | 1306.8 |
         Swamp |      1 |      1 |      0 |      0 |      0 |   1 |    1.0 |
     Snake Pit |   4448 |   4241 |    207 |    487 |   2020 |   4 | 1112.0 |
  Orcish Mines |   2853 |   2751 |    102 |     31 |   1284 |   2 | 1426.5 |
      Ice Cave |   1189 |   1189 |      0 |    436 |      0 |   1 | 1189.0 |
       Volcano |    368 |    368 |      0 |     93 |      0 |   1 |  368.0 |
      Gauntlet |    639 |    639 |      0 |     30 |    266 |   1 |  639.0 |
               +--------+--------+--------+--------+--------+-----+--------+

Top non-repeatable levels by time:
     D:7: 2295 daAuts
   Orc:2: 2157 daAuts
     D:4: 1881 daAuts
    D:12: 1842 daAuts
  Lair:6: 1790 daAuts
 Snake:2: 1771 daAuts
 Snake:3: 1745 daAuts
     D:9: 1696 daAuts
     D:6: 1553 daAuts
     D:1: 1512 daAuts
  Lair:3: 1384 daAuts
    D:11: 1362 daAuts
     D:3: 1340 daAuts
  Lair:2: 1319 daAuts
    D:10: 1291 daAuts
